 Dungeon Crawl Stone Soup version 0.30-a0-777-ga9a30cbeda (webtiles) character file.

Game seed: 8614615626969611454

19213 lunkers the Fencer (level 13, -16/113 HPs)
             Began as a Meteoran Fighter on Feb 13, 2023.
             Was an Initiate of Gozag.
             Demolished by a death yak (17 damage)
             ... on level 4 of the Lair of Beasts on Feb 14, 2023.
             The game lasted 00:20:24 (6082 turns).

lunkers the Fencer (Meteoran Fighter)               Turns: 6082, Time: 00:20:25

Health: -16/113    AC: 14    Str: 18    XL:     13   Next: 30%
Magic:  14/14      EV: 19    Int: 10    God:    Gozag
Gold:   1668       SH:  5    Dex: 19    Spells: 12/12 levels left

rFire   . . .      SeeInvis .    b - +7 great sword (venom)
rCold   + . .      Faith    .    (shield currently unavailable)
rNeg    . . .      Spirit   .    l - +0 scale mail
rPois   .          Reflect  +    s - +2 helmet
rElec   .          Harm     .    d - +2 cloak
rCorr   .          Rampage  .    (no gloves)
Will    +....                    (no boots) Stlth
                                 I - amulet of reflection
HPRegen 0.38/turn                m - ring of protection from cold
MPRegen 0.14/turn                w - +5 ring of evasion

@: glowing
A: sense surroundings 2, otherworldly, glowing, explore regen
a: Renounce Religion, Potion Petition, Call Merchant, Bribe Branch


You were on level 4 of the Lair of Beasts.
You worshipped Gozag.
Gozag was most pleased with you.
You visited 3 branches of the dungeon, and saw 15 of its levels.

You collected 2063 gold pieces.
You spent 330 gold pieces at shops.
You paid 65 gold pieces to Gozag.

Inventory:

Hand Weapons
 a - a +1 short sword of venom
 b - a +7 great sword of venom (weapon)
 e - a +2 whip of electrocution
 f - a +0 rapier of protection
 j - a +1 dagger of venom
 q - a +1 dagger of venom
 F - a +1 rapier of venom
Missiles
 y - 2 throwing nets
Armour
 c - a +0 buckler
 d - a +2 cloak (worn)
 l - a +0 scale mail (worn)
 s - a +2 helmet (worn)
 E - a scarf of repulsion
Jewellery
 m - a ring of protection from cold (left hand)
 w - a +5 ring of evasion (right hand)
 C - a ring of wizardry
 D - an amulet of magic regeneration
 I - an amulet of reflection (around neck)
Wands
 p - a wand of charming (1)
 t - a wand of flame (31)
Scrolls
 g - 4 scrolls of magic mapping
 h - 2 scrolls of fog
 k - a scroll of silence
 v - a scroll of amnesia
 z - 3 scrolls of identify
 A - a scroll of blinking
 L - a scroll of teleportation
Potions
 i - a potion of cancellation
 n - 2 potions of resistance
 o - a potion of heal wounds
 r - a potion of brilliance
 u - a potion of attraction
 x - 6 potions of curing
 B - 2 potions of might
 G - 4 potions of haste
 H - 2 potions of magic
 K - a potion of ambrosia {unknown}


   Skills:
 + Level 9.8 Fighting
 - Level 12.0(15.0) Short Blades
 * Level 15.9(17.7) Long Blades
 + Level 5.5 Armour
 + Level 8.0 Dodging
 - Level 3.6 Shields


You had 12 spell levels left.
You didn't know any spells.
Your spell library contained the following spells:

 Spells                   Type           Power      Damage    Failure   Level
 Apportation              Tloc           0%         N/A       73%         1
 Freeze                   Ice            0%         1d3       73%         1
 Necrotise                Necr           0%         1d4       73%         1
 Summon Small Mammal      Summ           0%         N/A       73%         1
 Scorch                   Fire           0%         2d5       86%         2
 Frozen Ramparts          Ice            0%         1d1       97%         3
 Gell's Gravitas          Tloc           0%         N/A       97%         3
 Hailstorm                Conj/Ice       0%         3d3       97%         3
 Portal Projectile        Hex/Tloc       0%         N/A       97%         3
 Teleport Other           Tloc           0%         N/A       97%         3
 Tukima's Dance           Hex            0%         N/A       97%         3
 Flame Wave               Conj/Fire      0%         2d4       100%        4
 Blade Hands              Tmut           0%         N/A       100%        5
 Dispersal                Tloc           0%         N/A       100%        6
 Summon Cactus Giant      Summ           0%         N/A       100%        6


Dungeon Overview and Level Annotations

Branches:
Dungeon (9/15) Zot: 378    Temple (1/1) D:7 Zot: 575    Lair (5/5) D:9 Zot: 2221
  Snake (0/4) Lair:3
  Swamp: Lair:2-3    Shoals: Lair:2-3     Slime: Lair:4-5       Orc: D:9-12

Altars:
Ashenzari
Dithmenos
Elyvilon
Fedhas
Gozag
Hepliaklqana
Kikubaaqudgha
Nemelex Xobeh
Okawaru
Ru
Trog
Uskayaw
Vehumet
Wu Jian
Xom
Yredelemnul
Zin
The Shining One

Shops:
D:7 :   D:9 =


Innate Abilities, Weirdness & Mutations

You passively map the area around you.
You are easily found by Zot.
You glow in the dark.
You regain HP and MP as you explore.


Message History

The death yak is lightly wounded.
The death yak gores you but does no damage.
A death yak comes into view.
The death yak gores you!
* * * LOW HITPOINT WARNING * * *
The death yak bellows!
You slice the death yak!!
The death yak looks as sick as possible!
The death yak is heavily wounded.
Unknown command.
You slice the death yak!!
The death yak looks as sick as possible!
The death yak is severely wounded.
The death yak completely misses you. The death yak closely misses you.
Unknown command.
The death yak gores you.
* * * LOW HITPOINT WARNING * * *
The death yak gores you!
* * * LOW HITPOINT WARNING * * *
You climb upwards.
There is a stone staircase leading down, spattered with blood here.
Unknown command.
Unknown command.
You slash the death yak!
The death yak looks as sick as possible!
The death yak is moderately wounded.
The death yak completely misses you. The death yak misses you.
You slice the death yak!!
The death yak looks as sick as possible!
The death yak is severely wounded.
The death yak gores you but does no damage.
The death yak completely misses you.
You slash the death yak!
The death yak looks as sick as possible!
The death yak is almost dead.
The death yak barely misses you. The death yak gores you!
* * * LOW HITPOINT WARNING * * *
The death yak attacks as you move away! The death yak gores you!
You die...
Your body crumbles into a pile of gold.

#...... * ##............##
......# #..........#.... ......#
####...#P......#... .....#*
#.....##......###.. .....##
####...P###.....# #. .....P#
#.....#####.....# ## .....####
####...#..##......# ##.
.....##.###P#..Y####.#......###..
...............Y@................
.................................
.................................
.................................
......................P..........
......#P..###...P.#P##P......P#.#
.....###### #....######(....#####
.....# ##....## #......## #.
.....# #.....# ##.....P###.


You could see 2 death yaks.

Vanquished Creatures
  A hydra (Lair:5)
  A two-headed ogre (D:9)
  4 death yaks (Lair:4)
  Amaemon (D:8)
  Pikel (D:5)
  3 black mambas
  An orange demon (D:8)
  A rime drake (Lair:3)
  A komodo dragon (Lair:1)
  A troll (D:7)
  4 blink frogs (Lair:1)
  Prince Ribbit (D:6)
  5 dream sheep (Lair:3)
  A shadow (D:9)
  4 wyverns
  24 yaks
  A basilisk (Lair:4)
  2 steam dragons
  Menkaure (D:5)
  A naga (Lair:3)
  5 water moccasins
  2 orc warriors
  3 sky beasts
  2 black bears (D:4)
  2 ogres
  15 wolves
  4 centaurs
  A phantom (D:5)
  2 kobold brigands
  6 bullfrogs
  Blork the orc (D:5)
  A necrophage (D:7)
  2 gnoll sergeants
  7 scorpions
  7 wights
  10 killer bees
  3 howler monkeys (D:7)
  An electric eel (Lair:2)
  4 jellies
  5 orc priests
  3 hounds
  Crazy Yiuf (D:3)
  A gnoll bouda (D:5)
  Ijyb (D:3)
  7 hell rats
  7 orc wizards
  4 iguanas
  6 adders
  9 gnolls
  2 white imps
  2 ufetubi
  A dart slug (D:5)
  22 orcs
  4 bats
  5 endoplasms
  3 giant cockroaches
  5 hobgoblins
  4 jackals
  A quokka (D:3)
  7 ball pythons
  7 goblins
  14 kobolds
  6 rats
264 creatures vanquished.

Vanquished Creatures (others)
  A wyvern (D:8)
  A goblin (D:4)
  7 fungi
  10 plants
19 creatures vanquished.

Grand Total: 283 creatures vanquished

Notes
Turn   | Place    | Note
-------+----------+-------------------------------------------
     0 | D:1      | lunkers the Meteoran Fighter began the quest for the Orb.
     0 | D:1      | Reached XP level 1. HP: 19/19 MP: 2/2
    77 | D:1      | Reached XP level 2. HP: 20/26 MP: 3/3
   336 | D:1      | Reached XP level 3. HP: 31/31 MP: 4/4
   621 | D:2      | Reached XP level 4. HP: 38/38 MP: 5/5
   712 | D:3      | Found an ornate altar of the Wu Jian Council.
   812 | D:3      | Noticed Ijyb
   832 | D:3      | Killed Ijyb
   953 | D:3      | Reached skill level 5 in Short Blades
   957 | D:3      | Reached XP level 5. HP: 45/45 MP: 6/6
  1134 | D:3      | Found a runed translucent door.
  1135 | D:3      | Noticed Crazy Yiuf
  1145 | D:3      | Killed Crazy Yiuf
  1149 | D:3      | Identified the +0 hammer of the Feather {spect, rF+ rC+
                  | Dex+3}
  1390 | D:4      | Reached XP level 6. HP: 48/51 MP: 7/7
  1435 | D:4      | Noticed an orc warrior
  1436 | D:4      | Noticed a black bear
  1436 | D:4      | Noticed a black bear
  1440 | D:4      | Found a blossoming altar of Fedhas.
  1451 | D:4      | Killed an orc warrior
  1460 | D:4      | Reached XP level 7. HP: 5/57 MP: 8/8
  1472 | D:4      | Found a shimmering altar of Xom.
  1610 | D:4      | Reached XP level 8. HP: 56/63 MP: 9/9
  1779 | D:4      | Found a bloodstained altar of Trog.
  1800 | D:5      | Entered Level 5 of the Dungeon
  1804 | D:5      | Found an opulent altar of Gozag.
  1841 | D:5      | Became a worshipper of Gozag Ym Sagoz the Greedy
  2199 | D:5      | Noticed Menkaure
  2216 | D:5      | Killed Menkaure
  2217 | D:5      | Reached skill level 10 in Short Blades
  2246 | D:5      | Noticed Blork the orc
  2276 | D:5      | Killed Blork the orc
  2367 | D:5      | Gained mutation: You passively map the area around you.
                  | [Meteoran growth]
  2367 | D:5      | Reached XP level 9. HP: 59/70 MP: 10/10
  2707 | D:5      | Noticed Pikel
  2721 | D:5      | Killed Pikel
  2722 | D:5      | Reached skill level 5 in Fighting
  3002 | D:5      | Reached skill level 1 in Long Blades
  3061 | D:6      | Reached skill level 2 in Long Blades
  3066 | D:6      | Noticed Prince Ribbit
  3083 | D:6      | Killed Prince Ribbit
  3084 | D:6      | Reached skill level 4 in Long Blades
  3084 | D:6      | Reached XP level 10. HP: 64/83 MP: 11/11
  3149 | D:6      | Reached skill level 5 in Long Blades
  3215 | D:6      | Reached skill level 6 in Long Blades
  3418 | D:6      | Reached skill level 7 in Long Blades
  3497 | D:6      | Reached skill level 8 in Long Blades
  3671 | D:7      | Found Fiqeagon's Book Boutique.
  3696 | D:7      | Reached skill level 9 in Long Blades
  3901 | D:7      | Reached skill level 10 in Long Blades
  3933 | D:7      | Found a sparkling altar of Nemelex Xobeh.
  4001 | D:7      | Found a radiant altar of Vehumet.
  4107 | D:7      | Found a staircase to the Ecumenical Temple.
  4129 | Temple   | Entered the Ecumenical Temple
  4225 | D:8      | Reached XP level 11. HP: 81/89 MP: 12/12
  4228 | D:8      | Reached skill level 11 in Long Blades
  4294 | D:8      | Noticed Amaemon
  4303 | D:8      | Killed Amaemon
  4304 | D:8      | Reached skill level 1 in Dodging
  4321 | D:8      | Reached skill level 12 in Long Blades
  4735 | D:9      | Noticed a two-headed ogre
  4746 | D:9      | Killed a two-headed ogre
  4747 | D:9      | Reached skill level 13 in Long Blades
  4763 | D:9      | Found a shadowy altar of Dithmenos.
  4779 | D:9      | Found a staircase to the Lair.
  4798 | D:9      | Found an ancient bone altar of Kikubaaqudgha.
  4877 | D:9      | Found a hide-covered altar of Uskayaw.
  4943 | D:8      | Reached XP level 12. HP: 76/101 MP: 13/13
  5000 | D:9      | Found Waphess's Jewellery Boutique.
  5008 | D:9      | Bought an amulet of reflection for 330 gold pieces
  5031 | D:9      | Reached skill level 5 in Dodging
  5093 | D:9      | Found a broken altar of Ashenzari.
  5254 | D:9      | Found a glowing golden altar of the Shining One.
  5282 | Lair:1   | Entered Level 1 of the Lair of Beasts
  5342 | Lair:1   | Reached skill level 14 in Long Blades
  5735 | Lair:3   | Reached skill level 15 in Long Blades
  5751 | Lair:3   | Found a staircase to the Snake Pit.
  5877 | Lair:5   | Entered Level 5 of the Lair of Beasts
  5877 | Lair:5   | Noticed a five-headed hydra
  5880 | Lair:5   | Noticed a death yak
  5883 | Lair:5   | Killed a five-headed hydra
  5883 | Lair:5   | Noticed a death yak
  5885 | Lair:5   | Noticed a death yak
  5889 | Lair:5   | Noticed a death yak
  5891 | Lair:5   | Noticed a death yak
  5897 | Lair:4   | Killed a death yak
  5898 | Lair:4   | Reached XP level 13. HP: 35/111 MP: 14/14
  5934 | Lair:4   | Reached skill level 5 in Armour
  6016 | Lair:5   | Noticed a death yak
  6026 | Lair:4   | Killed a death yak
  6032 | Lair:4   | Killed a death yak
  6042 | Lair:4   | Killed a death yak
  6073 | Lair:5   | Noticed a death yak
  6081 | Lair:4   | HP: 1/113 [death yak (15)]
  6082 | Lair:4   | Demolished by a death yak

Illustrated notes

Levels and vault maps discovered:
D:1:      minmay_arrival_four_circles, layout_basic, serial_rivers,
          chequers_serial_rivers_micro_a, chequers_serial_rivers_small_a,
          chequers_serial_rivers_micro_e, chequers_serial_rivers_large_b,
          minmay_door_square, kennysheep_minor_cross, roderic_lattice_a
D:2:      layout_loops_corners, chequers_decorated_corner,
          minmay_misc_feat_doors, uniq_sigmund, uniq_natasha
D:3:      layout_basic, pdpol_wu_jian_five_deadly_venoms, minmay_pentomino_pile,
          uniq_ijyb, uniq_crazy_yiuf_cottage
D:4:      layout_rooms, nicolae_qazlal_general_emergency, xom_confusion_cloud,
          kennysheep_mini_moat, fedhas_altar_2
D:5:      layout_loops_corners, amcnicky_altar_gilded, serial_bayou_crossing,
          uniq_pikel, uniq_menkaure, uniq_blork_the_orc
D:6:      layout_basic, uniq_prince_ribbit1
D:7:      nicolae_cairo_tiling_large, layout_basic, nemelex_spade_bored_becter,
          mainiacjoe_overflow_catwalk, minmay_temple_entry_offerings,
          serial_shops, kennysheep_mini, shop
D:8:      layout_rooms, uniq_amaemon
D:9:      layout_cave_pools, nicolae_dithmenos_through_a_glass_darkly,
          nicolae_overflow_hidden_temple, tgw_kikubaaqudgha,
          lemuel_doored_altar, ashenzari_altar_1,
          grunt_lair_entry_orc_guard_hut, minmay_shop_enchanted_jewellery
Temple:   nicolae_temple_stand_before_the_council
Lair:1:   layout_cave_pods, pdpol_lair_cavern_descent
Lair:2:   layout_regular_city, skrybe_swamp_entry_bodies, serial_bayou_shore_a,
          grunt_megastairs_2
Lair:3:   layout_regular_city, guppyfry_snake_entry_garden,
          cheibrodos_lair_caveside_slide
Lair:4:   layout_hall_layers, dpeg_slime_entry_corner, eino_house_with_fridge
Lair:5:   grunt_lair_end_beastmaster, layout_hall_layers,
          hellmonk_ghost_happy_afterlife, uniq_kirke

Skill      XL: |  1  2  3  4  5  6  7  8  9 10 11 12 13 |
---------------+----------------------------------------+-----
Short Blades   | 3 4 5 6 7 8 10 12 | 12.0
Fighting       | 6 7 9 |  9.8
Long Blades    | 4 10 13 15 | 15.9
Dodging        | 4 7 8 |  8.0
Armour         | 4 5 |  5.5
Shields        | |  3.6

Action                     |  1- 3 |  4- 6 |  7- 9 | 10-12 | 13-15 || total
---------------------------+-------+-------+-------+-------+-------++-------
  Melee: Rapier            |    17 |       |       |       |       ||    17
         Dagger            |    77 |    83 |       |       |       ||   160
         Short sword       |       |    26 |   354 |   189 |       ||   569
         Great sword       |       |       |       |   346 |    56 ||   402
  Evoke: Wand              |       |       |       |    15 |       ||    15
    Use: Scroll            |       |    11 |     5 |    11 |       ||    27
         Potion            |       |     4 |     2 |       |       ||     6
   Stab: Distracted        |       |       |     1 |     4 |     2 ||     7
 Armour: Scale mail        |    40 |    30 |   145 |   226 |     5 ||   446
         Skin              |       |       |     2 |       |       ||     2
  Dodge: Dodged            |    34 |    23 |   104 |   205 |    36 ||   402
  Block: Buckler           |    26 |    30 |    65 |    28 |       ||   149
         Other             |       |       |       |    28 |    14 ||    42

Table legend: (Time is in decaauts)
 A = Elapsed time spent in this place.
 B = Non-inter-level travel time spent in this place.
 C = Inter-level travel time spent in this place.
 D = Time resting spent in this place.
 E = Time spent auto-exploring this place.
 F = Levels seen in this place.
 G = Mean time per level.
                   A        B        C        D        E       F      G
               +--------+--------+--------+--------+--------+-----+--------+
         Total |   5824 |   5452 |    372 |     27 |   3312 |  15 |  388.3 |
       Dungeon |   5021 |   4687 |    334 |     27 |   2955 |   9 |  557.9 |
        Temple |     24 |     14 |     10 |      0 |     11 |   1 |   24.0 |
          Lair |    778 |    751 |     27 |      0 |    346 |   5 |  155.6 |
               +--------+--------+--------+--------+--------+-----+--------+

Top non-repeatable levels by time:
     D:5: 1055 daAuts
     D:3: 725 daAuts
     D:6: 629 daAuts
     D:9: 582 daAuts
     D:8: 502 daAuts
     D:7: 498 daAuts
     D:1: 487 daAuts
     D:4: 373 daAuts
  Lair:4: 217 daAuts
  Lair:1: 209 daAuts
  Lair:3: 170 daAuts
     D:2: 166 daAuts
  Lair:2: 159 daAuts
  Temple: 24 daAuts
  Lair:5: 21 daAuts
